AoeStats
← GORGORY

Arabia

504549684Analyzed
1v1 RM · 28d ago on Sep 5, 2026· 32m 26s· 2 players
Game mode
Random Map
Map size
Tiny (2 player)
Population
200
Speed
Normal
Resources
Standard
Victory
Conquest
Starting age
Dark Age
Ending age
Imperial Age
RankedLock teamsTeams togetherTeam positionsShared explorationLock speedFull tech treeHidden civsTurbo modeCheats
Victory
Defeat
🇦🇷 Poles · Argentina
1038
+15
🇦🇷 Ethiopians · Argentina
1009
-15
GORGORY
5:49 Loom
9:05 Feudal Age
14:25 Wheelbarrow
21:33 Castle Age
[FeI] Red Army
6:12 Loom
9:19 Feudal Age
17:27 Double-Bit Axe
20:07 Fletching
30:19 Castle Age
Connection lost

Rejoining the realm…

Still unreachable

The connection could not be restored.

Session expired

The server has moved on; the page needs a fresh start.